Map: Torri del crepuscolo

Players

Jhyrachy

  • Race: Zerg Zerg

Balance - Winner!

  • Race: Zerg Zerg

VOD

Have the link to the VOD?

Description

Time

  • Played on: Dec. 3, 2015, 1:48 p.m.
  • Length: 6:55
Show
View Real Time Build Order
Export as new Build Order

Jhyrachy Zerg 

Build Orders: Pool First 

Get SALT Encoding   

  12  0:01  Drone  
  13  0:11  Drone  
  14  0:17  Overlord  
  14  0:35  Spawning Pool  
  14  0:38  Drone  
  14  0:42  Drone  
  15  0:47  Drone  
  16  1:11  Hatchery  
  15  1:13  Drone  
  15  1:16  Drone  
  17  1:19  Extractor  
  16  1:30  Queen  
  18  1:46  Zergling x6  
  21  1:57  Drone  
  22  2:22  Overlord  
  22  2:23  Metabolic Boost  
  22  2:27  Drone  
  23  2:31  Queen  
  23  2:33  Overlord  
  22  3:23  Roach Warren  
  22  3:24  Drone x4  
  25  3:31  Extractor  
  24  3:42  Drone x3  
  27  3:57  Zergling x10  
  27  3:58  Zergling x8  
  36  4:12  Drone x2  
  36  4:14  Overlord  
  36  4:16  Drone x2  
  40  4:29  Overlord  
  39  4:50  Baneling Nest  
  38  4:56  Drone x3  
  38  4:58  Overlord x2  
  41  5:07  Roach  
  41  5:08  Roach x6  
  55  5:17  Drone x2  
  57  5:22  Drone  
  58  5:35  Baneling  
  58  5:36  Baneling x4  
  50  5:50  Roach  
  50  5:51  Roach x8  
  30  6:25  Drone  
  30  6:26  Drone x8  
  31  6:35  Zergling x6  
Show
View Real Time Build Order
Export as new Build Order

Balance Zerg - Winner!

Build Orders: Hatch First 

Get SALT Encoding   

  12  0:00  Drone  
  13  0:12  Overlord  
  13  0:18  Drone  
  14  0:30  Drone x2  
  14  0:34  Drone  
  17  0:55  Hatchery  
  16  0:57  Drone  
  16  1:03  Drone  
  18  1:07  Drone  
  19  1:18  Spawning Pool  
  19  1:23  Extractor  
  17  1:26  Extractor  
  17  1:27  Drone  
  17  1:32  Drone  
  18  1:38  Drone  
  19  1:50  Drone  
  20  2:00  Drone  
  21  2:06  Queen  
  21  2:07  Queen  
  21  2:08  Overlord  
  25  2:12  Zergling x2  
  26  2:18  Metabolic Boost  
  26  2:23  Drone  
  26  2:26  Drone  
  26  2:29  Drone  
  29  2:33  Drone  
  30  2:43  Spine Crawler  
  28  2:46  Zergling x4  
  30  3:00  Zergling x4  
  29  3:19  Overlord x4  
  29  3:27  Spine Crawler  
  28  3:37  Drone x3  
  28  3:39  Drone  
  33  3:41  Drone  
  33  3:51  Roach Warren  
  32  3:57  Drone x2  
  32  3:58  Drone  
  35  4:05  Drone  
  35  4:06  Drone x2  
  38  4:16  Drone x4  
  38  4:17  Drone  
  43  4:30  Roach  
  43  4:31  Roach x3  
  51  4:46  Roach x2  
  51  4:48  Zergling x4  
  51  4:49  Zergling x2  
  58  4:57  Ravager x2  
  58  4:59  Overlord x2  
  60  5:00  Overlord  
  60  5:18  Zergling x14  
  67  5:38  Hatchery  
  66  5:48  Zergling x2  
  66  5:49  Zergling x12  
  69  6:15  Zergling x6  
  69  6:16  Zergling x8  
  60  6:29  Zergling x4  
Tags
 
Add a new tag
Caveats
  • Supply blocks, unpowered buildings, or Contaminate may cause inaccurate times.
  • Supply counts are checked every 10 seconds.